[Event "ICC tourney 2532 (25 5)"]
[Site "Internet Chess Club"]
[Date "2021.04.25"]
[Round "8"]
[White "BASTIANI FONCK, CLAUDIO:K12-16874166"]
[Black "LARA, SEBASTIAN:K12-17264378"]
[Result "1-0"]
[ICCResult "Black resigns"]
[WhiteElo "1377"]
[BlackElo "585"]
[Opening "French defense"]
[ECO "C01"]
[NIC "FR.01"]
[Time "17:01:59"]
[PlyCount "145"]
[TimeControl "1500+5"]

1. e4 e6 2. d4 b6 3. Nf3 Bb7 4. Nc3 Bb4 5. Bd3 Nf6 6. e5 Ne4 7. Bxe4 Bxe4
8. Bd2 Bxc3 9. Bxc3 O-O 10. O-O Bb7 11. Re1 d6 12. exd6 cxd6 13. Qd2 Bxf3
14. gxf3 Nd7 15. Qf4 d5 16. Bd2 h6 17. Qg3 Rc8 18. Bxh6 Qf6 19. Bg5 Qxd4
20. c3 Qd3 21. Rad1 Qg6 22. Be7 Qxg3+ 23. fxg3 Rfe8 24. Bd6 a5 25. Re2 Rc6
26. Ba3 Nf6 27. g4 Rec8 28. Be7 Ne8 29. Ba3 Nc7 30. Be7 f6 31. Rde1 Kf7 32.
Ba3 Nb5 33. Kg2 e5 34. f4 e4 35. Rd1 Nxa3 36. bxa3 Ke6 37. f5+ Kd6 38. Red2
Rc5 39. c4 Ke5 40. Kg3 Rd8 41. Rxd5+ Rdxd5 42. Rxd5+ Rxd5 43. cxd5 Kxd5 44.
h4 Kd4 45. Kf2 Kd3 46. Ke1 Ke3 47. g5 Kf4 48. gxf6 gxf6 49. Ke2 Kxf5 50.
Ke3 Kg4 51. Kxe4 f5+ 52. Ke3 Kg3 53. h5 f4+ 54. Ke2 Kg2 55. h6 f3+ 56. Ke3
f2 57. h7 f1=Q 58. h8=Q Qf3+ 59. Kd4 Qd1+ 60. Kc4 Qa4+ 61. Kd5 Qb5+ 62. Ke4
Qg5 63. Qb2+ Kg3 64. Qe5+ Qxe5+ 65. Kxe5 Kf3 66. Kd4 Ke2 67. Kc4 Kd2 68.
Kb5 Kc3 69. Kxb6 Kb2 70. a4 Ka3 71. Kxa5 Kb2 72. Kb5 Ka3 73. a5 { Black
resigns } 1-0

[Event "ICC tourney 2532 (25 5)"]
[Site "Internet Chess Club"]
[Date "2021.04.25"]
[Round "8"]
[White "HOWARD MCNUTT, WILLIAM:K12-14715106"]
[Black "ESPINOSA, PEDRO:K12-14987738"]
[Result "1/2-1/2"]
[ICCResult "Game drawn because neither player has mating material"]
[WhiteElo "1941"]
[BlackElo "2200"]
[Opening "Queen's pawn game"]
[ECO "D04"]
[NIC "QP.08"]
[Time "17:01:59"]
[PlyCount "145"]
[TimeControl "1500+5"]

1. d4 d5 2. Nf3 Nf6 3. e3 Bf5 4. c4 dxc4 5. Bxc4 e6 6. Nc3 Be7 7. O-O O-O
8. a3 c6 9. Qe2 Ne4 10. Rd1 Nd7 11. Nd2 Nxc3 12. bxc3 Bc2 13. Re1 Nb6 14.
Ba2 c5 15. Nf3 Bg6 16. Rd1 Qc7 17. e4 Rad8 18. Ne5 Na4 19. Rd3 Qa5 20. Nxg6
hxg6 21. Bd2 Nb2 22. Rh3 cxd4 23. cxd4 Qa6 24. Qxa6 bxa6 25. Bc3 Na4 26.
Rd1 Rc8 27. Ba1 Rfd8 28. Rhd3 Nb6 29. g3 Bf6 30. d5 Bxa1 31. Rxa1 exd5 32.
Rad1 d4 33. Rxd4 Rxd4 34. Rxd4 Kf8 35. Rd3 a5 36. h4 a4 37. Kg2 Rc2 38. Bd5
Ke7 39. g4 f6 40. g5 Nxd5 41. exd5 Rc4 42. Kg3 Kd6 43. f3 a6 44. Kh3 Rf4
45. Kg3 fxg5 46. hxg5 Rf5 47. Rd4 Rxg5+ 48. Kf4 Rxd5 49. Rxa4 a5 50. Re4
Kc5 51. Re6 g5+ 52. Kg4 a4 53. Rg6 Rd4+ 54. Kxg5 Rd3 55. f4 Rxa3 56. Kg4
Ra1 57. Kf5 a3 58. Rxg7 Rd1 59. Ra7 Kb4 60. Kg6 Kb3 61. f5 a2 62. f6 Rg1+
63. Kf7 a1=Q 64. Rxa1 Rxa1 65. Kg7 Rg1+ 66. Kf8 Kc4 67. f7 Kd5 68. Ke7 Re1+
69. Kd7 Rf1 70. Ke7 Re1+ 71. Kd7 Rf1 72. Ke7 Rxf7+ 73. Kxf7 { Game drawn
because neither player has mating material } 1/2-1/2

[Event "ICC tourney 2532 (25 5)"]
[Site "Internet Chess Club"]
[Date "2021.04.25"]
[Round "8"]
[White "LIU, LEONARDO:K12-14879663"]
[Black "KAZUO SLOWIK, DYLAN:K12-14697884"]
[Result "1-0"]
[ICCResult "Black resigns"]
[WhiteElo "2042"]
[BlackElo "1769"]
[Opening "Sicilian: closed, 6.Be3"]
[ECO "B26"]
[NIC "SI.45"]
[Time "17:00:47"]
[PlyCount "87"]
[TimeControl "1500+5"]

1. e4 c5 2. Nc3 d6 3. g3 g6 4. Bg2 Bg7 5. d3 Nc6 6. Be3 Nf6 7. h3 O-O 8.
Nge2 a6 9. O-O Bd7 10. f4 b5 11. Qd2 b4 12. Nd1 a5 13. g4 Qc7 14. Ng3 a4
15. Rb1 Rab8 16. f5 Ne5 17. Bh6 b3 18. axb3 axb3 19. c3 Bb5 20. c4 Bc6 21.
Bxg7 Kxg7 22. Nc3 e6 23. g5 Nfd7 24. f6+ Kg8 25. Rbd1 Nb6 26. Qf4 Rfc8 27.
h4 Ra8 28. h5 Na4 29. Nxa4 Rxa4 30. hxg6 Nxg6 31. Qg4 Ra2 32. Qh5 Qd8 33.
Rd2 Ne5 34. Bh3 Qf8 35. Rh2 h6 36. Nf5 exf5 37. Bxf5 Rca8 38. gxh6 Kh8 39.
Rg2 Bd7 40. h7 Ng6 41. Bxg6 fxg6 42. Qxg6 Be6 43. f7 Rxb2 44. Qf6+ { Black
resigns } 1-0

[Event "ICC tourney 2532 (25 5)"]
[Site "Internet Chess Club"]
[Date "2021.04.25"]
[Round "8"]
[White "GNANAKUMAR, SATHYA:K12-14762706"]
[Black "RAJAMANIKANDAN, SATHA:K12-15310314"]
[Result "1-0"]
[ICCResult "Black forfeits on time"]
[WhiteElo "1960"]
[BlackElo "1496"]
[Opening "Sicilian: closed"]
[ECO "B23"]
[NIC "SI.44"]
[Time "17:01:12"]
[PlyCount "81"]
[TimeControl "1500+5"]

1. e4 c5 2. Nc3 d6 3. f4 e6 4. Nf3 Be7 5. Bb5+ Nd7 6. O-O a6 7. Bxd7+ Bxd7
8. d3 Nf6 9. h3 O-O 10. g4 Bc6 11. Qe1 b5 12. Qg3 b4 13. Nd1 e5 14. fxe5
dxe5 15. Nxe5 Rc8 16. Nxc6 Rxc6 17. Ne3 Nd7 18. Nc4 Bh4 19. Qh2 Nb6 20. Ne5
Re6 21. Nf3 Bf6 22. Qf2 Nd7 23. Rb1 Ne5 24. Nxe5 Bxe5 25. Be3 Rc6 26. Kg2
Bd4 27. a4 a5 28. b3 Bxe3 29. Qxe3 Qd4 30. Rf3 Qc3 31. Qf2 Rg6 32. Rf5 Rc6
33. Rf1 Rc7 34. g5 g6 35. Rd5 Rc6 36. Rd7 Qe5 37. Rxf7 Qxg5+ 38. Kh1 Rfc8
39. Rd7 Qh6 40. Qf7+ Kh8 41. Kh2 { Black forfeits on time } 1-0

[Event "ICC tourney 2532 (25 5)"]
[Site "Internet Chess Club"]
[Date "2021.04.25"]
[Round "8"]
[White "AKELLA, NITIN:K12-15004804"]
[Black "AMRAM, ARON:K12-14805835"]
[Result "0-1"]
[ICCResult "White forfeits on time"]
[WhiteElo "1790"]
[BlackElo "1093"]
[Opening "Caro-Kann: exchange variation"]
[ECO "B13"]
[NIC "CK.02"]
[Time "17:00:50"]
[PlyCount "98"]
[TimeControl "1500+5"]

1. e4 c6 2. d4 d5 3. exd5 cxd5 4. Bd3 Nc6 5. c3 Nf6 6. h3 e6 7. Bf4 Bd6 8.
Ne2 Qc7 9. Bxd6 Qxd6 10. Ng3 O-O 11. O-O Re8 12. f4 Bd7 13. Nd2 a6 14. Nb3
b6 15. Nh5 Nxh5 16. Qxh5 g6 17. Qh4 Qe7 18. Qf2 a5 19. a4 Qf6 20. Kh2 Ne7
21. g4 Rec8 22. Nd2 Rab8 23. Qe2 Rc7 24. Rf2 Rbc8 25. g5 Qg7 26. Nf3 Nf5
27. Ne5 Bc6 28. Ng4 Kh8 29. Nf6 Ne7 30. h4 Ng8 31. Nxg8 Kxg8 32. h5 Qf8 33.
hxg6 hxg6 34. Rf3 Qg7 35. Rh3 Kf8 36. Rh6 Ke7 37. Kg2 Rh8 38. Rah1 Rcc8 39.
Bc2 Rxh6 40. gxh6 Qf6 41. Qg4 Rh8 42. Qg5 b5 43. axb5 Bxb5 44. Ra1 Ra8 45.
Ra3 a4 46. b3 Qxg5+ 47. fxg5 f6 48. bxa4 Bc4 49. Bxg6 fxg5 { White forfeits
on time } 0-1

[Event "ICC tourney 2532 (25 5)"]
[Site "Internet Chess Club"]
[Date "2021.04.25"]
[Round "8"]
[White "CHUNG, CHRISTOPHER:K12-16687538"]
[Black "BHAVIKATTI, NEIL:K12-14919064"]
[Result "1-0"]
[ICCResult "Black resigns"]
[WhiteElo "1732"]
[BlackElo "2118"]
[Opening "Giuoco Piano"]
[ECO "C54"]
[NIC "IG.02"]
[Time "17:01:39"]
[PlyCount "109"]
[TimeControl "1500+5"]

1. e4 e5 2. Nf3 Nc6 3. Bc4 Bc5 4. c3 Nf6 5. d4 exd4 6. cxd4 Bb4+ 7. Nbd2
Nxe4 8. O-O Nxd2 9. Bxd2 Bxd2 10. Qxd2 O-O 11. d5 Nb8 12. Rfd1 d6 13. h3
Nd7 14. a3 Qf6 15. Rac1 Nc5 16. Qd4 Qg6 17. Kh2 b5 18. Bd3 Qh5 19. Qc3 a6
20. b4 Na4 21. Qd4 Bxh3 22. gxh3 Qxf3 23. Rxc7 Nb2 24. Rg1 g6 25. Rg3 Qh5
26. Qxb2 Rac8 27. Rxc8 Rxc8 28. Qd4 Qd1 29. Qe3 Rc1 30. Qf3 Qe1 31. Be4 Rc4
32. Bd3 Rc1 33. Qg2 Ra1 34. Be4 Ra2 35. Re3 Qxf2 36. Qxf2 Rxf2+ 37. Kg3 Rd2
38. Rd3 Rc2 39. Re3 Rd2 40. Rc3 Kg7 41. Rc6 Kf6 42. Rxa6 Ke5 43. Bf3 f5 44.
Ra7 f4+ 45. Kg4 h5+ 46. Kg5 Rd3 47. Re7+ Kd4 48. Re4+ Kc3 49. Rxf4 Kb2 50.
Kxg6 Kxa3 51. Kxh5 Rb3 52. Kg5 Rxb4 53. Rxb4 Kxb4 54. h4 Kc3 55. Be4 {
Black resigns } 1-0

[Event "ICC tourney 2532 (25 5)"]
[Site "Internet Chess Club"]
[Date "2021.04.25"]
[Round "8"]
[White "QIAN, BILL:K12-15206304"]
[Black "PULLABHOTLA, VENKATA:K12-15472194"]
[Result "0-1"]
[ICCResult "White resigns"]
[WhiteElo "1848"]
[BlackElo "2153"]
[Opening "Sicilian: Najdorf, Opocensky variation"]
[ECO "B92"]
[NIC "SI.11"]
[Time "17:03:04"]
[PlyCount "58"]
[TimeControl "1500+5"]

1. e4 c5 2. Nf3 d6 3. d4 cxd4 4. Nxd4 Nf6 5. Nc3 a6 6. Be2 e5 7. Nb3 Be7 8.
Be3 Be6 9. f3 Nbd7 10. Qd2 b5 11. a3 Nb6 12. O-O O-O 13. Kh1 Rc8 14. Rfd1
Qc7 15. Bd3 Rfd8 16. Qf2 Rb8 17. a4 Nc4 18. Bc1 b4 19. Ne2 d5 20. exd5 Nxd5
21. f4 Nf6 22. fxe5 Nxe5 23. Nbd4 Neg4 24. Qg1 Bd5 25. Nf3 Bxf3 26. gxf3
Bc5 27. Qg2 Nf2+ 28. Kg1 Nxd1+ 29. Kf1 Be3 { White resigns } 0-1

[Event "ICC tourney 2532 (25 5)"]
[Site "Internet Chess Club"]
[Date "2021.04.25"]
[Round "8"]
[White "CHOI YOO, EUGENE:K12-14862820"]
[Black "XU, KEVIN:K12-15437078"]
[Result "1/2-1/2"]
[ICCResult "Game drawn by mutual agreement"]
[WhiteElo "2191"]
[BlackElo "2091"]
[Opening "Queen's Indian: old main line, 7.Nc3"]
[ECO "E18"]
[NIC "QI.10"]
[Time "17:00:52"]
[PlyCount "97"]
[TimeControl "1500+5"]

1. d4 Nf6 2. Nf3 e6 3. g3 b6 4. Bg2 Bb7 5. O-O Be7 6. c4 O-O 7. Nc3 Ne4 8.
Bd2 f5 9. Qc2 Bf6 10. Rad1 d6 11. Ne1 Nxc3 12. Bxc3 Bxg2 13. Nxg2 Nd7 14.
Rfe1 Qe7 15. e4 fxe4 16. Qxe4 Rae8 17. Qb7 c5 18. Nf4 Qf7 19. d5 exd5 20.
Rxe8 Rxe8 21. Nxd5 Bxc3 22. Nxc3 Ne5 23. Qxf7+ Nxf7 24. f4 Rd8 25. Kf2 Nh6
26. Nb5 a6 27. Rxd6 Re8 28. Nc3 Ng4+ 29. Kg1 Re1+ 30. Kg2 Rc1 31. Nd5 Rc2+
32. Kf3 Nxh2+ 33. Ke4 Rxc4+ 34. Kf5 b5 35. Rxa6 Nf1 36. Ra8+ Kf7 37. Ra7+
Kg8 38. g4 Ng3+ 39. Ke6 h6 40. g5 hxg5 41. fxg5 Rg4 42. Kd6 Ne4+ 43. Kc6
Rxg5 44. Ne7+ Kh7 45. Kxb5 Rg2 46. b3 Rxa2 47. Rxa2 Nc3+ 48. Kxc5 Nxa2 49.
b4 { Game drawn by mutual agreement } 1/2-1/2

[Event "ICC tourney 2532 (25 5)"]
[Site "Internet Chess Club"]
[Date "2021.04.25"]
[Round "8"]
[White "HAN, JACOB:K12-14896205"]
[Black "OBEROI, SHELEV:K12-14961028"]
[Result "0-1"]
[ICCResult "White checkmated"]
[WhiteElo "1905"]
[BlackElo "2277"]
[Opening "English opening"]
[ECO "A20"]
[NIC "EO.24"]
[Time "17:00:36"]
[PlyCount "78"]
[TimeControl "1500+5"]

1. c4 e5 2. g3 c6 3. d4 exd4 4. Qxd4 d5 5. Nf3 Nf6 6. Bg2 Be6 7. O-O Be7 8.
cxd5 cxd5 9. Nc3 Nc6 10. Qa4 O-O 11. Be3 a6 12. Rfd1 b5 13. Qc2 Rc8 14. a3
Ng4 15. Bd4 Nxd4 16. Nxd4 Bc5 17. e3 Qg5 18. Qe2 Qh6 19. h4 Nf6 20. Nf3
Rfd8 21. Nd4 g5 22. hxg5 Qxg5 23. Nxe6 fxe6 24. Bh3 Kf7 25. Qf3 h5 26. e4
d4 27. Ne2 Ke7 28. Nf4 Ng4 29. e5 Rc7 30. b4 Bb6 31. Rac1 Rdc8 32. Rxc7+
Rxc7 33. Qb3 Rc4 34. Bf1 d3 35. Bxd3 Bxf2+ 36. Kg2 Rxf4 37. gxf4 Qxf4 38.
Be2 Ne3+ 39. Kh1 Qh4# { White checkmated } 0-1

[Event "ICC tourney 2532 (25 5)"]
[Site "Internet Chess Club"]
[Date "2021.04.25"]
[Round "8"]
[White "ANGELA ZHENG, CARISSA:K12-15612136"]
[Black "GINZBURG, LIORA:K12-16587703"]
[Result "0-1"]
[ICCResult "White resigns"]
[WhiteElo "1974"]
[BlackElo "1523"]
[Opening "Scotch gambit: Dubois-Réti defense"]
[ECO "C55"]
[NIC "KP.02"]
[Time "17:01:19"]
[PlyCount "111"]
[TimeControl "1500+5"]

1. e4 e5 2. Nf3 Nc6 3. Bc4 Nf6 4. d4 exd4 5. e5 d5 6. Bb5 Ne4 7. Nxd4 Bd7
8. Bxc6 bxc6 9. O-O Be7 10. f3 Nc5 11. Nc3 O-O 12. Be3 Ne6 13. Na4 Nxd4 14.
Bxd4 Re8 15. Re1 Bf5 16. Qd2 a5 17. a3 Bg5 18. f4 Bh4 19. Bf2 Bxf2+ 20.
Qxf2 f6 21. Qc5 Bd7 22. Qd4 fxe5 23. fxe5 Qg5 24. Nc5 Be6 25. Re3 Qg4 26.
Qxg4 Bxg4 27. e6 Re7 28. h3 Bf5 29. c3 Rae8 30. Rae1 h5 31. Kf2 g6 32. Kg3
Kg7 33. Kf4 Kf6 34. Nd7+ Kg7 35. Nc5 Kf6 36. Nd7+ Kg7 37. Ne5 Rxe6 38. Nxc6
g5+ 39. Kxf5 Rxe3 40. Rxe3 Rxe3 41. Kxg5 Rg3+ 42. Kxh5 Rxg2 43. Nxa5 Rxb2
44. Kg4 Ra2 45. Nc6 Rxa3 46. Nb4 Rxc3 47. Nxd5 Rc4+ 48. Kf5 c5 49. Ne3 Rd4
50. Ke5 Rd8 51. h4 Kh6 52. Kf4 Kh5 53. Nf5 c4 54. Ke3 c3 55. Ng3+ Kxh4 56.
Ne2 { White resigns } 0-1

[Event "ICC tourney 2532 (25 5)"]
[Site "Internet Chess Club"]
[Date "2021.04.25"]
[Round "8"]
[White "SMIRNOV, OLIVER:K12-14791270"]
[Black "ROY, RAYAT:K12-14819746"]
[Result "1-0"]
[ICCResult "Black checkmated"]
[WhiteElo "1054"]
[BlackElo "1488"]
[Opening "Sicilian defense"]
[ECO "B34"]
[NIC "SI.34"]
[Time "17:01:39"]
[PlyCount "67"]
[TimeControl "1500+5"]

1. e4 c5 2. Nf3 Nc6 3. d4 cxd4 4. Nxd4 Nf6 5. Nc3 g6 6. Be3 Bg7 7. f3 O-O
8. Qd2 d5 9. Nxc6 bxc6 10. e5 Ne8 11. Bh6 Rb8 12. Bxg7 Kxg7 13. O-O-O Qb6
14. b3 Nc7 15. h4 h5 16. Be2 Qa5 17. g4 d4 18. Qxd4 Ne6 19. Qe3 Nc5 20.
gxh5 Qa3+ 21. Kb1 Bf5 22. Ne4 Na4 23. Qc1 Qb4 24. hxg6 Bxe4 25. fxe4 Nc3+
26. Kb2 Nxd1+ 27. Qxd1 Qxe4 28. gxf7 Qxe5+ 29. Kb1 Rxf7 30. Rg1+ Kf8 31.
Qd2 Qf4 32. Qc3 Qf6 33. Qg3 Qh8 34. Qxb8# { Black checkmated } 1-0

[Event "ICC tourney 2532 (25 5)"]
[Site "Internet Chess Club"]
[Date "2021.04.25"]
[Round "8"]
[White "MERO, DANIEL:K12-15247388"]
[Black "GUNDAM, ROHIT:K12-14908373"]
[Result "0-1"]
[ICCResult "White resigns"]
[WhiteElo "1858"]
[BlackElo "2190"]
[Opening "French: exchange variation"]
[ECO "C01"]
[NIC "FR.01"]
[Time "17:00:15"]
[PlyCount "130"]
[TimeControl "1500+5"]

1. e4 e6 2. d4 d5 3. exd5 exd5 4. Bd3 Bd6 5. Ne2 Nf6 6. O-O O-O 7. Bf4 Re8
8. Bxd6 Qxd6 9. Re1 Bg4 10. h3 Bh5 11. Nbc3 Nc6 12. Qd2 Bxe2 13. Rxe2 Nxd4
14. Bxh7+ Kxh7 15. Qxd4 Rxe2 16. Nxe2 Re8 17. Ng3 c5 18. Qh4+ Kg8 19. Nf5
Qe5 20. Ne3 Qxb2 21. Rf1 Re4 22. Qg5 Qe5 23. Nf5 g6 24. g4 Nh7 25. Qd8+ Qe8
26. Qxe8+ Rxe8 27. Nd6 Re7 28. Rd1 d4 29. Kf1 Rd7 30. Ne4 b6 31. a4 Kg7 32.
a5 Nf6 33. Nd2 Nd5 34. Nc4 b5 35. Ne5 Rd6 36. Nd3 Rc6 37. Ne5 Ra6 38. Nd7
Nc3 39. Rd3 Na4 40. Ra3 Rd6 41. Ne5 a6 42. Nd3 f6 43. Ke1 Re6+ 44. Kd2 Kf7
45. Nf4 Re4 46. Nd5 c4 47. Nc7 Nc3 48. Rxc3 dxc3+ 49. Kxc3 Ke7 50. Nxa6 Kd6
51. Nb4 Kc5 52. a6 Kb6 53. Nd5+ Kxa6 54. Nxf6 Rf4 55. Nd5 Rxf2 56. Kd4 Rh2
57. Ke4 Rxh3 58. Kf4 Rh2 59. Kg5 Ka5 60. c3 Rg2 61. Nf4 Rg3 62. Ne2 Re3 63.
Nd4 Rxc3 64. Kxg6 Rd3 65. Nf5 c3 { White resigns } 0-1

[Event "ICC tourney 2532 (25 5)"]
[Site "Internet Chess Club"]
[Date "2021.04.25"]
[Round "8"]
[White "MCCOY, OWEN:K12-14447115"]
[Black "KUMAR KOTHAPALLI, PRADHYUMNA:K12-15273893"]
[Result "0-1"]
[ICCResult "White checkmated"]
[WhiteElo "2251"]
[BlackElo "2140"]
[Opening "Réti opening"]
[ECO "A04"]
[NIC "QP.10"]
[Time "17:01:00"]
[PlyCount "76"]
[TimeControl "1500+5"]

1. Nf3 c5 2. g3 Nc6 3. Bg2 d5 4. O-O Nf6 5. d3 e5 6. e4 d4 7. Nbd2 Be7 8.
Nh4 g6 9. Bf3 Be6 10. Be2 Qd7 11. Ng2 O-O-O 12. a3 g5 13. Nf3 h6 14. Bd2 c4
15. Bb4 Rhg8 16. Bxe7 Qxe7 17. b4 Qd6 18. Qb1 b6 19. Rd1 c3 20. b5 Na5 21.
Qb4 Qc7 22. Rf1 Ng4 23. Kh1 h5 24. Ng1 f5 25. h4 fxe4 26. dxe4 Nf6 27. Bd3
g4 28. f4 gxf3 29. Rxf3 Rg6 30. Raf1 Qg7 31. R3f2 Rxg3 32. Rxf6 Rxg2 33.
Ne2 Qg4 34. R1f3 Rxe2 35. Bxe2 Qxh4+ 36. Kg1 Rg8+ 37. Kf1 Qh1+ 38. Kf2 Qg1#
{ White checkmated } 0-1

[Event "ICC tourney 2532 (25 5)"]
[Site "Internet Chess Club"]
[Date "2021.04.25"]
[Round "8"]
[White "VANDERKOLK, ETHAN:K12-15405072"]
[Black "NOZAKI, MAO:K12-14766721"]
[Result "0-1"]
[ICCResult "White forfeits on time"]
[WhiteElo "1088"]
[BlackElo "1715"]
[Opening "English opening"]
[ECO "A22"]
[NIC "EO.10"]
[Time "17:00:31"]
[PlyCount "78"]
[TimeControl "1500+5"]

1. c4 e5 2. Nc3 Nf6 3. d3 Bb4 4. Nf3 Nc6 5. e4 d6 6. Be2 O-O 7. O-O Bg4 8.
Bg5 h6 9. Bh4 Re8 10. Nd5 g5 11. Nxg5 Bxe2 12. Qxe2 Nd4 13. Qe3 Nxd5 14.
cxd5 hxg5 15. Bxg5 Qd7 16. Bh6 Qg4 17. Bg5 Nc2 18. Qg3 Qxg3 19. fxg3 Nxa1
20. Bf6 Nc2 21. Rf5 Kh7 22. h4 Rg8 23. Kh2 Be1 24. Bg5 Nd4 25. Rxf7+ Rg7
26. Rf1 Bb4 27. g4 Kg8 28. Kh3 Rf7 29. Bf6 Raf8 30. g5 a5 31. h5 a4 32. Kh4
b5 33. h6 Bd2 34. Kh5 b4 35. h7+ Rxh7+ 36. Kg6 c6 37. Rf2 Be3 38. Rf1 cxd5
39. exd5 b3 { White forfeits on time } 0-1

[Event "ICC tourney 2532 (25 5)"]
[Site "Internet Chess Club"]
[Date "2021.04.25"]
[Round "8"]
[White "FRIDLYAND FRIDLYAND, DANIEL:K12-14634753"]
[Black "YORISH, MARK:K12-17264384"]
[Result "0-1"]
[ICCResult "White forfeits on time"]
[WhiteElo "1594"]
[BlackElo "987"]
[Opening "Blumenfeld counter-gambit"]
[ECO "A46"]
[NIC "QP.06"]
[Time "17:01:39"]
[PlyCount "84"]
[TimeControl "1500+5"]

1. d4 Nf6 2. Nf3 c5 3. d5 e6 4. c4 b5 5. b3 Ba6 6. Qc2 d6 7. e4 bxc4 8.
Bxc4 Bxc4 9. bxc4 Be7 10. O-O O-O 11. Nc3 a6 12. Be3 Nbd7 13. Rfb1 Nb6 14.
Nd2 Qc7 15. a4 Nbd7 16. a5 Rfb8 17. Qa2 Bd8 18. f4 Ra7 19. Rxb8 Qxb8 20.
Nf3 Bc7 21. Bd2 Rb7 22. Be1 Rb2 23. Qa4 Qb7 24. Nd2 Rb4 25. Qa2 Rb2 26. Qa4
Rb4 27. Qa3 Bd8 28. Ne2 Rb2 29. Nc1 Qb4 30. Qxb4 Rxb4 31. Nd3 Rb8 32. h3 h5
33. e5 dxe5 34. fxe5 Nh7 35. d6 Nhf8 36. Bf2 Rc8 37. Ne4 Ng6 38. Nexc5
Ngxe5 39. Nxd7 Nxd7 40. c5 Nb8 41. Ne5 f6 42. d7 Rc7 { White forfeits on
time } 0-1

[Event "ICC tourney 2532 (25 5)"]
[Site "Internet Chess Club"]
[Date "2021.04.25"]
[Round "8"]
[White "CLASBY, DEREK:K12-15194211"]
[Black "CYRIL DAVIS, GEOFFREY:K12-14879788"]
[Result "1-0"]
[ICCResult "Black checkmated"]
[WhiteElo "2286"]
[BlackElo "2082"]
[Opening "Vienna game"]
[ECO "C28"]
[NIC "VG.04"]
[Time "17:01:59"]
[PlyCount "77"]
[TimeControl "1500+5"]

1. e4 e5 2. Nc3 Nc6 3. Bc4 Nf6 4. d3 d6 5. Nf3 Bg4 6. h3 Bh5 7. g4 Bg6 8.
Be3 a6 9. a3 Qd7 10. Qe2 Be7 11. Ba2 Na7 12. Bxa7 Rxa7 13. d4 exd4 14. Nxd4
c5 15. Nf5 Kf8 16. O-O-O Bxf5 17. exf5 b5 18. Rhe1 c4 19. f4 h6 20. h4 Bd8
21. g5 Ne8 22. Qe4 Ba5 23. Re3 Bxc3 24. Rxc3 Qb7 25. Qd4 hxg5 26. fxg5 Ra8
27. b3 d5 28. f6 gxf6 29. gxf6 Qc6 30. Re3 Rh6 31. Rf1 Rd8 32. bxc4 bxc4
33. Qf4 Rh8 34. Qe5 Qd7 35. Qe7+ Kg8 36. Rg3+ Kh7 37. Qe5 Nxf6 38. Rxf6
Rhg8 39. Qh5# { Black checkmated } 1-0

[Event "ICC tourney 2532 (25 5)"]
[Site "Internet Chess Club"]
[Date "2021.04.25"]
[Round "8"]
[White "JAIN, SAMYAK:K12-15756642"]
[Black "D DE LEON, CARLOS:K12-14987180"]
[Result "1/2-1/2"]
[ICCResult "Game drawn by repetition"]
[WhiteElo "1358"]
[BlackElo "1995"]
[Opening "Scotch game"]
[ECO "C45"]
[NIC "SO.05"]
[Time "17:01:39"]
[PlyCount "122"]
[TimeControl "1500+5"]

1. e4 e5 2. Nf3 Nc6 3. d4 exd4 4. Nxd4 Bc5 5. Be3 Qf6 6. c3 Bb6 7. Bb5 Nge7
8. O-O O-O 9. Qd3 Ne5 10. Qe2 d6 11. Nd2 Ng4 12. h3 Nxe3 13. Qxe3 Qe5 14.
N2f3 Qf6 15. Qg5 Qxg5 16. Nxg5 Ng6 17. Ngf3 a6 18. Bc4 Bd7 19. Rfe1 Rfe8
20. Nd2 Ne5 21. Bf1 Re7 22. N4f3 Ng6 23. Bd3 Nf4 24. Bc2 Rae8 25. Nc4 Ba7
26. Ne3 Bc6 27. g3 Bxe3 28. Rxe3 Nxh3+ 29. Kg2 Bd7 30. Rh1 g5 31. Rxh3 g4
32. Rh1 gxf3+ 33. Kxf3 Bc6 34. Rhe1 Kg7 35. Kf4 Re5 36. g4 b5 37. a3 Kf6
38. Rh1 Kg7 39. g5 R8e6 40. Rh5 f6 41. gxf6+ Rxf6+ 42. Rf5 Rfxf5+ 43. exf5
Kf6 44. Kg4 Be8 45. Rxe5 h5+ 46. Kh4 dxe5 47. b4 Bf7 48. Be4 Be8 49. f3 c6
50. Bc2 Bf7 51. Be4 Be8 52. Bd3 Bf7 53. Be4 Be8 54. Bc2 Bf7 55. Be4 Be8 56.
Bc2 Bf7 57. Be4 Be8 58. Bc2 Bf7 59. Be4 Be8 60. Bc2 Bf7 61. Be4 Be8 { Game
drawn by repetition } 1/2-1/2

[Event "ICC tourney 2532 (25 5)"]
[Site "Internet Chess Club"]
[Date "2021.04.25"]
[Round "8"]
[White "KOLAKALETI, SUSHEN:K12-15197630"]
[Black "LADAN, NICHOLAS:K12-15092641"]
[Result "0-1"]
[ICCResult "White resigns"]
[WhiteElo "1676"]
[BlackElo "2083"]
[Opening "Queen's bishop game"]
[ECO "D02"]
[NIC "QP.08"]
[Time "17:01:37"]
[PlyCount "130"]
[TimeControl "1500+5"]

1. d4 d5 2. Nf3 Nf6 3. Bf4 c5 4. e3 Nc6 5. c3 Qb6 6. Qb3 c4 7. Qxb6 axb6 8.
Na3 Bf5 9. Nb5 Ra5 10. a4 Bc2 11. Be2 Bxa4 12. Nc7+ Kd7 13. Ne5+ Nxe5 14.
dxe5 Kxc7 15. exf6+ Kc6 16. fxe7 Bxe7 17. Kd2 Rd8 18. Be5 f6 19. Bd4 Bc5
20. h4 b5 21. g4 b4 22. g5 Bxd4 23. exd4 bxc3+ 24. bxc3 Rda8 25. gxf6 gxf6
26. Rh3 Bb3 27. Rxa5 Rxa5 28. Rf3 Ra2+ 29. Ke3 Rc2 30. Rxf6+ Kb5 31. Rf7
Rxc3+ 32. Kf4 Ka6 33. Bf3 Rc2 34. Bxd5 Rxf2+ 35. Ke3 Rxf7 36. Bxf7 Kb5 37.
Be8+ Kb4 38. d5 Kc5 39. Ke4 c3 40. Kd3 c2 41. Kd2 Kd6 42. Kc1 Ke7 43. Bb5
h6 44. Kb2 Kd6 45. Be8 Ke5 46. Kc1 Bxd5 47. Kxc2 Kf4 48. h5 Kg5 49. Kd3 Bf3
50. Ba4 Kxh5 51. Ke3 Kg4 52. Be8 Kg3 53. Bd7 h5 54. Kd4 h4 55. Bc8 h3 56.
Bxh3 Kxh3 57. Kc5 Kg3 58. Kb6 Kf2 59. Ka5 Ke3 60. Kb5 Kd3 61. Kb4 Bc6 62.
Kb3 b5 63. Kb4 Kc2 64. Kc5 Kc3 65. Kxc6 b4 { White resigns } 0-1

[Event "ICC tourney 2532 (25 5)"]
[Site "Internet Chess Club"]
[Date "2021.04.25"]
[Round "8"]
[White "SIVAKUMAR, NIKHIL:K12-15397264"]
[Black "PRABHU, NAVEEN:K12-14949284"]
[Result "0-1"]
[ICCResult "White forfeits on time"]
[WhiteElo "1464"]
[BlackElo "2037"]
[Opening "French: Wing gambit"]
[ECO "C00"]
[NIC "FR.01"]
[Time "17:00:29"]
[PlyCount "132"]
[TimeControl "1500+5"]

1. e4 e6 2. Nf3 d5 3. e5 c5 4. b4 b6 5. a3 Qc7 6. c3 f6 7. d4 Nd7 8. Bf4
fxe5 9. Nxe5 Nxe5 10. Bxe5 Bd6 11. f4 Nf6 12. Bd3 O-O 13. O-O a5 14. b5 Bd7
15. a4 Be8 16. Nd2 Bh5 17. Qe1 Rae8 18. Qh4 Bg6 19. Bxg6 hxg6 20. Nf3 Ne4
21. Ng5 Nxg5 22. Qxg5 Bxe5 23. fxe5 cxd4 24. cxd4 Qc4 25. Rfd1 Qc2 26. Qg4
Rf5 27. Rdc1 Qd2 28. Rd1 Qe3+ 29. Kh1 g5 30. Rac1 Rf4 31. Qh5 Ref8 32. Qg6
Rxd4 33. Qxe6+ Kh7 34. Qh3+ Qxh3 35. gxh3 Rxa4 36. Rxd5 Re4 37. Kg2 a4 38.
Ra1 Re2+ 39. Kg3 Re3+ 40. Kg2 a3 41. e6 Re2+ 42. Kg3 Re3+ 43. Kg2 Rc8 44.
Rd2 Rcc3 45. Rda2 Kg6 46. Rf1 Rxe6 47. Rf3 Ree3 48. Rff2 Rxh3 49. Rfd2 Rhd3
50. Re2 Rd6 51. Re1 Rb3 52. Ree2 Kh5 53. Rec2 Rdd3 54. Kf2 Rxb5 55. Kg2
Rbb3 56. Kf2 b5 57. Kg2 b4 58. h4 gxh4 59. Rc5+ g5 60. Rcc2 Rdc3 61. Re2
Rb1 62. Kh2 Rcb3 63. Rad2 R3b2 64. Kh3 g4+ 65. Kg2 Rxd2 66. Rxd2 Rb2 {
White forfeits on time } 0-1